 Dungeon Crawl Stone Soup version 0.31-a0-4-gefa6de2278 (webtiles) character file.

Game seed: 6181920470481445865

517507 qeuew the Invulnerable (level 24, -3/381 HPs)
             Began as a Minotaur Fighter on May 3, 2023.
             Was an Initiate of Gozag.
             Succumbed to poison (poison gas)
             ... on level 4 of the Depths.
             The game lasted 01:18:40 (55384 turns).

qeuew the Invulnerable (Minotaur Fighter)          Turns: 55384, Time: 01:18:41

Health: -3/381     AC: 41    Str: 37    XL:     24   Next: 3%
Magic:  31/31      EV: 31    Int:  6    God:    Gozag
Gold:   7078       SH: 31    Dex: 27    Spells: 23/23 levels left

rFire   x . .        g - +9 demon trident (flame)
rCold   + . .        a - +6 tower shield {AC+3}
rNeg    . . .        T - +9 ice dragon scales "Suda Capt" {Rampage rF- rC++ MP+9 Int+3 Slay+3}
rPois   .            t - +0 hat of the Butcher {Rampage SInv}
rElec   .            G - scarf of Mujexzur {repulsion, Str+3}
rCorr   .            N - +5 pair of gloves "Tauhoash" {Str+3}
SInv    +            Q - +2 pair of slick slippers {slick, slippery, EV+4}
Will    ++...        S - amulet "Atypnegocs" {Regen+ Dex+3} Stlth
                     f - +4 ring of slaying
HPRegen 1.63/turn    L - ring "Tekhlum" {rC- Will+ Dex+6 Slay+3}
MPRegen 0.22/turn

%: repel missiles, rampage
@: berserking (expiring), lethally poisoned (-3 -> -71), gold aura, hasted,
studying 2 skills, very quick
A: horns 2, retaliatory headbutt, hooves 1, agile 1, robust 1, strong 1
}: 3/15 runes: decaying, serpentine, silver
a: Renounce Religion, Potion Petition, Call Merchant, Bribe Branch


You were on level 4 of the Depths.
You worshipped Gozag.
Gozag was greatly pleased with you.
You visited 8 branches of the dungeon, and saw 42 of its levels.
You visited the Abyss 2 times.
You also visited: Bailey.

You collected 26196 gold pieces.
You spent 9748 gold pieces at shops.
You paid 9370 gold pieces to Gozag.

Inventory:

Hand Weapons
 g - a +9 demon trident of flaming (weapon)
Missiles
 A - 3 throwing nets
Armour
 a - a +6 tower shield of protection (worn)
 t - the +0 hat of the Butcher (worn) {Rampage SInv}
   (You acquired it on level 8 of the Dungeon)

   SInv:      It lets you see invisible.
   Rampage:   It bestows one free step when moving towards enemies.
 G - the scarf of Mujexzur (worn) {repulsion, Str+3}
   (You found it on level 4 of the Vaults)

   Str:       It affects your strength (+3).
 N - the +5 pair of gloves "Tauhoash" (worn) {Str+3}
   (You bought it in a shop on level 3 of the Snake Pit)

   Str:       It affects your strength (+3).
 P - a +2 cloak of poison resistance
 Q - the +2 pair of slick slippers (worn) {slick, slippery, EV+4}
   (You found it on level 3 of the Depths)

   Slick:     Its wearer cannot be constricted, engulfed, netted or webbed.
   Slippery:  Its wearer slips away from damaging melee attacks, pulling the
   attacker onward.
   EV:        It affects your evasion (+4).
 T - the +9 ice dragon scales "Suda Capt" (worn) {Rampage rF- rC++ MP+9 Int+3 Slay+3}
   (You bought it in a shop on level 14 of the Dungeon)

   Int:       It affects your intelligence (+3).
   Slay:      It affects your accuracy & damage with ranged weapons and melee
   (+3).
   rF:        It makes you vulnerable to fire.
   rC:        It greatly protects you from cold.
   MP:        It affects your magic capacity (+9).
   Rampage:   It bestows one free step when moving towards enemies.
Jewellery
 f - a +4 ring of slaying (left hand)
 C - a ring of magical power
 F - a ring of fire
 I - a ring of fire
 L - the ring "Tekhlum" (right hand) {rC- Will+ Dex+6 Slay+3}
   (You bought it in a shop on level 3 of the Snake Pit)

   [ring of willpower]

   Dex:       It affects your dexterity (+6).
   Slay:      It affects your accuracy & damage with ranged weapons and melee
   (+3).
   rC:        It makes you vulnerable to cold.
   Will:      It increases your willpower.
 S - the amulet "Atypnegocs" (around neck) {Regen+ Dex+3}
   (You acquired it on level 1 of the Depths)

   [amulet of regeneration]

   Dex:       It affects your dexterity (+3).
   Regen:     It increases your rate of health regeneration.
 W - a ring of protection from cold
Wands
 k - a wand of paralysis (27)
 p - a wand of flame (118)
 q - a wand of digging (37)
 s - a wand of quicksilver (29)
 D - a wand of mindburst (17) (quivered)
 H - a wand of iceblast (35)
 Z - a wand of polymorph (16)
Scrolls
 b - 4 scrolls of blinking
 c - 4 scrolls of magic mapping
 l - 9 scrolls of teleportation
 o - 3 scrolls of amnesia
 r - 3 scrolls of fog
 u - 6 scrolls of enchant weapon
 y - a scroll of brand weapon
 B - a scroll of summoning
 E - 2 scrolls of silence
 J - 23 scrolls of identify
 O - 3 scrolls of enchant armour
 R - 11 scrolls of poison
 U - 7 scrolls of fear
Potions
 d - 9 potions of might
 e - 11 potions of haste
 h - 8 potions of resistance
 i - 7 potions of flight
 j - 12 potions of heal wounds
 m - 5 potions of invisibility
 n - 19 potions of curing
 x - 11 potions of mutation
 z - 3 potions of berserk rage
 K - 3 potions of cancellation
 M - 6 potions of ambrosia
 V - a potion of brilliance
Miscellaneous
 v - a lightning rod (4/4)
 w - a phantom mirror


   Skills:
 + Level 21.9 Fighting
 - Level 2.8(17.7) Axes
 * Level 26.3 Polearms
 O Level 27 Armour
 + Level 17.7 Dodging
 + Level 19.5 Shields
 + Level 14.4 Evocations


You had 23 spell levels left.
You didn't know any spells.
Your spell library contained the following spells:

 Spells                   Type           Power      Damage    Failure   Level
 Apportation              Tloc           0%         N/A       69%         1
 Beastly Appendage        Tmut           0%         N/A       69%         1
 Magic Dart               Conj           0%         1d3       69%         1
 Necrotise                Necr           0%         1d4       69%         1
 Sandblast                Erth           0%         2d4       69%         1
 Shock                    Conj/Air       0%         1d3       69%         1
 Sting                    Tmut/Pois      0%         1d3       69%         1
 Summon Small Mammal      Summ           0%         N/A       69%         1
 Blink                    Tloc           0%         N/A       83%         2
 Call Imp                 Summ           0%         N/A       83%         2
 Ensorcelled Hibernation  Hex/Ice        0%         N/A       83%         2
 Lesser Beckoning         Tloc           0%         N/A       83%         2
 Momentum Strike          Conj/Tloc      0%         3d8       83%         2
 Passwall                 Tmut/Erth      0%         N/A       83%         2
 Poisonous Vapours        Pois/Air       0%         N/A       83%         2
 Scorch                   Fire           0%         2d5       83%         2
 Searing Ray              Conj           0%         2d4       83%         2
 Static Discharge         Conj/Air       0%         2-2/arc   83%         2
 Sublimation of Blood     Necr           0%         N/A       83%         2
 Wereblood                Tmut           0%         N/A       83%         2
 Call Canine Familiar     Summ           0%         N/A       96%         3
 Dazzling Flash           Conj/Hex       0%         N/A       96%         3
 Frozen Ramparts          Ice            0%         1d1       96%         3
 Gell's Gravitas          Tloc           0%         N/A       96%         3
 Ignite Poison            Fire/Tmut/Pois 0%         N/A       96%         3
 Inner Flame              Hex/Fire       0%         N/A       96%         3
 Mephitic Cloud           Conj/Pois/Air  0%         N/A       96%         3
 Ozocubu's Armour         Ice            0%         N/A       96%         3
 Portal Projectile        Hex/Tloc       0%         N/A       96%         3
 Spider Form              Tmut/Pois      0%         N/A       96%         3
 Stone Arrow              Conj/Erth      0%         3d7       96%         3
 Summon Guardian Golem    Hex/Summ       0%         N/A       96%         3
 Swiftness                Air            0%         N/A       96%         3
 Teleport Other           Tloc           0%         N/A       96%         3
 Tukima's Dance           Hex            0%         N/A       96%         3
 Anguish                  Hex/Necr       0%         N/A       100%        4
 Animate Armour           Summ/Erth      0%         N/A       100%        4
 Flame Wave               Conj/Fire      0%         2d4       100%        4
 Fulminant Prism          Conj/Hex       0%         3d5       100%        4
 Ice Form                 Ice/Tmut       0%         N/A       100%        4
 Iskenderun's Mystic Bla  Conj/Tloc      0%         2d3       100%        4
 Leda's Liquefaction      Hex/Erth       0%         N/A       100%        4
 Manifold Assault         Tloc           0%         N/A       100%        4
 Olgreb's Toxic Radiance  Pois           0%         N/A       100%        4
 Passage of Golubria      Tloc           0%         N/A       100%        4
 Sticky Flame             Conj/Fire      0%         2d3       100%        4
 Summon Ice Beast         Ice/Summ       0%         N/A       100%        4
 Agony                    Necr           0%         N/A       100%        5
 Alistair's Intoxication  Tmut/Pois      0%         N/A       100%        5
 Blade Hands              Tmut           0%         N/A       100%        5
 Freezing Cloud           Conj/Ice/Air   0%         6-21      100%        5
 Metabolic Englaciation   Hex/Ice        0%         N/A       100%        5
 Silence                  Hex/Air        0%         N/A       100%        5
 Yara's Violent Unravell  Hex/Tmut       0%         3d3       100%        5
 Dispersal                Tloc           0%         N/A       100%        6
 Eringya's Noxious Bog    Tmut/Pois      0%         N/A       100%        6
 Summon Cactus Giant      Summ           0%         N/A       100%        6
 Enfeeble                 Hex            0%         N/A       100%        7
 Orb of Destruction       Conj           0%         9d5       100%        7
 Ozocubu's Refrigeration  Ice            0%         4d7       100%        7
 Spellforged Servitor     Conj/Summ      0%         N/A       100%        7
 Summon Hydra             Summ           0%         N/A       100%        7
 Borgnjor's Revivificati  Necr           0%         N/A       100%        8
 Disjunction              Tloc           0%         N/A       100%        8
 Lehudib's Crystal Spear  Conj/Erth      0%         10d2      100%        8
 Necromutation            Tmut/Necr      0%         N/A       100%        8
 Death's Door             Necr           0%         N/A       100%        9


Dungeon Overview and Level Annotations

Branches:
Dungeon (15/15)            Temple (0/1) D:4            Lair (5/5) D:8
  Swamp (4/4) Lair:3        Snake (4/4) Lair:2        Slime (0/5) Lair:4
    Orc (2/2) D:10            Elf (3/3) Orc:2        Vaults (5/5) D:14
  Crypt (0/3) Vaults:2     Depths (4/4) D:15            Zot (0/5) Depths:4
 Bailey (visited)

Altars:
Cheibriados
Dithmenos
Fedhas
Gozag
Hepliaklqana
Kikubaaqudgha
Nemelex Xobeh
Trog
Uskayaw
Vehumet
Yredelemnul
Jiyva

Shops:
D:6 !   D:7 **   D:14 [   Orc:1 (   Orc:2 !=*[(   Elf:2 (   Elf:3 *   Snake:1 :
Snake:3 [(=([   Snake:4 *   Vaults:1 !   Vaults:4 ([   Vaults:5 !!??
Depths:3 :

Portals:
Hell: Depths:1 Depths:2 Depths:3 Depths:4
Pandemonium: Depths:2
Ziggurat: Depths:4

Annotations:
Swamp:4 exclusion: 2 oklob plants
Elf:1 6 runed translucent doors
Vaults:5 Sojobo
Depths:2 2 transporters, Ahpoh's ghost, adept VSFi


Innate Abilities, Weirdness & Mutations

You have a pair of horns on your head.
You reflexively headbutt those who attack you in melee.
You have large cloven feet.
You are agile. (Dex +4, Str/Int -1)
You are robust. (+10% HP)
Your muscles are strong. (Str +4, Int/Dex -1)


Message History

* * * LOW HITPOINT WARNING * * *
You feel extremely sick. You block the bone dragon's attack.
The bone dragon claws you but does no damage.
You block the bone dragon's attack.
You perforate the bone dragon like a sieve!!!
You burn the bone dragon!
You destroy the bone dragon!
You are engulfed in poison gas.
You are more poisoned.
* * * LOW HITPOINT WARNING * * *
x2 You feel extremely sick.
You hear a roar!
Unknown command.
You are engulfed in poison gas.
You are lethally poisoned!
* * * LOW HITPOINT WARNING * * *
x2 You feel extremely sick.
The green draconian breathes poison at you.
The blast of poison misses you.
You see here 16 gold pieces.
You rampage towards the green draconian!
You barely miss the green draconian.
You are engulfed in poison gas.
You are more poisoned.
* * * LOW HITPOINT WARNING * * *
x2 You feel extremely sick.
Unknown command.
You skewer the green draconian like a kebab!!!
You burn the green draconian!! You headbutt the green draconian.
You kill the green draconian!
You are engulfed in poison gas.
You are more poisoned.
* * * LOW HITPOINT WARNING * * *
x2 You feel extremely sick.
* * * LOW HITPOINT WARNING * * *
You feel extremely sick.
Unknown command.
You feel a strong urge to attack something.
You die...
Your body crumbles into a pile of gold.

.....#...#.###.##...## $
....##...).))...+.∩.' ##
[...#....#####d##... ######)
....')....# #d# #$# #......
....#.....####$###$###.# ##......
###.#.......###q°.....# #.......
..###........#####.#######.......
....#........#####.##....+.......
....#..........+@#.#...######..##
#.###.........##..○☼°..#.# #'##.
###.#.........#...°☼○..#.## #..#.
...##'######+##.°☼°○...##.###).#.
^..#.........#..○.°○☼...#......##
..##.........#..○°°○☼...#.......#
..#...)....####°........#........
..#........#..###.....###....[..#
..#.......##.<..####.##.##....###


There were no monsters in sight!

Vanquished Creatures
  An ancient lich (Depths:3)
  Mara (Vaults:2)
  Boris (twice) (Vaults:4 Vaults:5)
  Saint Roka (Vaults:4)
  A caustic shrike (Depths:3)
  Jory (Vaults:5)
  A golden dragon (Vaults:5)
  A bone dragon (Depths:4)
  A shard shrike zombie (Abyss:4)
  9 tentacled monstrosities
  Jorgrun (D:15)
  2 walking earthen tomes (Depths:3)
  A walking crystal tome (Depths:3)
  Asterion (Vaults:3)
  2 liches
  4 deep elf blademasters (Elf:3)
  2 quicksilver dragons
  A walking frostbound tome (Depths:3)
  10 titans
  The ghost of Isysim the Warrior, an adept OgFi of the Shining One (Swamp:1)
  2 deep elf master archers (Elf:3)
  An Executioner (Abyss:4)
  12 tengu reavers
  5 shadow dragons
  7 sphinxes
  6 thorn hunters
  5 storm dragons
  Kirke (Snake:1)
  7 nagarajas
  10 frost giants
  2 fenstrider witches
  A shadow dragon (shapeshifter) (Elf:1)
  3 iron dragons
  6 spectral caustic shrikes (Depths:2)
  9 vault wardens
  6 deep elf sorcerers
  7 fire giants
  6 deep elf elementalists
  A balrug (Abyss:4)
  An orc warlord (Orc:2)
  16 ironbound preservers
  A draconian annihilator (Depths:4)
  3 spriggan defenders (Depths:3)
  6 ironbound thunderhulks
  A caustic shrike skeleton (Depths:1)
  A ghoul (Swamp:3)
  A cacodemon (Depths:2)
  A reaper (Depths:3)
  20 stone giants
  6 war gargoyles
  14 very ugly things
  4 eleionomae
  9 deep elf demonologists
  6 vampire knights
  A juggernaut skeleton (Depths:1)
  Azrael (Elf:1)
  2 green draconians (Depths:4)
  4 dire elephants
  A spectral titan (D:15)
  3 bunyips
  A black draconian (Depths:4)
  A spark wasp (shapeshifter) (Depths:3)
  11 deep elf annihilators
  A red draconian (Depths:4)
  A spark wasp (Depths:3)
  A yellow draconian (Depths:4)
  A white draconian (Depths:4)
  4 crystal guardians
  12 ettins
  The ghost of Hily the Summoner, a journeyman FeSu of Gozag (Swamp:1)
  6 deep elf death magi
  9 yaktaur captains
  The ghost of superbruh the Grappler, a journeyman TrCA of Lugonu (D:11)
  8 fire dragons
  6 great orbs of eyes
  13 deep elf high priests
  An entropy weaver (Vaults:3)
  2 shambling mangroves (Swamp:4)
  10 ice dragons
  A rakshasa (Depths:2)
  34 vault guards
  Erolcha (Orc:2)
  2 ogre magi (Vaults:5)
  4 catoblepae
  18 hydras
  12 anacondas
  5 ghost crabs
  2 two-headed ogres
  A centaur warrior (D:13)
  4 boulder beetles
  11 alligators
  The ghost of Keluf the Fighter, a journeyman GrFi of the Shining One (D:15)
  7 ironbound frosthearts
  34 dancing weapons
  3 spriggan air magi
  15 death yaks
  7 deep troll shamans
  3 peacekeepers
  An anaconda (shapeshifter) (Depths:2)
  13 naga warriors
  A tengu warrior (Depths:2)
  4 orc high priests
  4 hell hogs
  7 thrashing horrors (Abyss:4)
  7 shock serpents
  10 naga sharpshooters
  Urug (Lair:4)
  4 sun demons
  9 deep troll earth magi
  10 hell knights
  7 spriggan berserkers
  Amaemon (Lair:2)
  16 deep elf knights
  9 iron trolls
  2 wretched stars (Abyss:4)
  3 skeletal warriors (D:15)
  4 skysharks
  6 soul eaters
  A sixfirhy (Abyss:4)
  A bunyip zombie (Swamp:1)
  Lodul (D:10)
  7 sea snakes (Snake:4)
  A storm dragon skeleton (Depths:1)
  7 spriggan druids
  7 flayed ghosts
  2 goliath frogs
  A quicksilver dragon simulacrum (Depths:3)
  5 spectral hydras (Swamp:4)
  2 death drakes
  49 deep trolls
  3 salamander mystics
  A spark wasp zombie (D:15)
  6 bog bodies
  3 glowing orange brains
  6 orc knights
  7 naga ritualists
  7 swamp dragons
  16 deep elf archers
  2 spectral iron dragons (D:15)
  5 phantasmal warriors
  Pikel (D:7)
  9 lindwurms
  9 wizards
  3 starcursed masses (Abyss:4)
  9 necromancers
  A sphinx zombie (Depths:3)
  3 harpies (Vaults:2)
  19 ironbound convokers
  18 deep elf pyromancers
  29 deep elf zephyrmancers
  12 mana vipers
  9 large abominations (Abyss:4)
  15 salamanders
  29 ugly things
  A glowing shapeshifter (Depths:4)
  A fire giant zombie (Depths:1)
  10 orc sorcerers
  2 will-o-the-wisps
  A tengu skeleton (Depths:3)
  2 worldbinders (Abyss:4)
  6 manticores
  5 cyclopes
  10 guardian serpents
  7 elephants (Lair:5)
  4 rust devils
  11 vault sentinels
  34 black mambas
  6 smoke demons
  A hellion (Depths:1)
  14 naga magi
  2 gargoyles
  An orange demon (Lair:2)
  2 unseen horrors
  9 cane toads
  A kobold demonologist (D:12)
  Maggie (D:7)
  A bunyip simulacrum (Swamp:1)
  4 rime drakes
  24 yaktaurs
  7 komodo dragons
  2 freezing wraiths
  A yaktaur (shapeshifter) (D:15)
  2 efreet
  A spectral glowing shapeshifter (D:15)
  3 tengu conjurers
  2 death drake zombies (Swamp:4)
  3 polar bears
  2 trolls
  3 hydra skeletons (Swamp:4)
  A sphinx simulacrum (D:15)
  13 hornets
  3 trolls (shapeshifter)
  A meliai (shapeshifter) (D:14)
  Grinder (D:5)
  8 tyrant leeches
  3 hydra zombies
  A raiju (Elf:3)
  10 blink frogs
  Prince Ribbit (D:8)
  2 dream sheep (D:10)
  A shadow dragon simulacrum (Depths:3)
  18 slime creatures
  An alligator zombie (Swamp:1)
  5 air elementals
  A jumping spider (Vaults:3)
  3 frost giant simulacra (D:15)
  9 spriggans
  39 yaks
  2 wraiths
  2 ynoxinuls (Abyss:4)
  A water elemental (Elf:1)
  7 wyverns
  6 hogs (Snake:1)
  8 fire elementals
  3 chaos spawn (Abyss:4)
  A basilisk (Lair:5)
  5 golden eyes (Abyss:4)
  3 vampires
  14 vampire mosquitoes
  A neqoxec (Abyss:4)
  A steam dragon (D:8)
  A human (shapeshifter) (Elf:1)
  A redback (Vaults:3)
  A redback simulacrum (D:14)
  4 wargs
  47 nagas
  4 acid dragons
  Edmund (D:5)
  16 swamp worms
  2 wargs (shapeshifter)
  14 water moccasins
  A hydra simulacrum (Swamp:4)
  3 hell hounds (Elf:1)
  A floating eye (shapeshifter) (Depths:3)
  6 swamp drakes
  3 black bears
  6 swamp dragon zombies
  A sky beast (D:7)
  39 orc warriors
  5 ice beasts
  10 ogres
  An alligator simulacrum (Swamp:1)
  11 boggarts
  8 centaurs
  12 wolves
  5 kobold brigands
  12 bullfrogs
  7 earth elementals
  A gnoll sergeant (D:10)
  A scorpion (D:6)
  A glowing shapeshifter simulacrum (D:15)
  3 wights (D:8)
  9 killer bees
  5 electric eels
  5 hounds
  3 jellies
  31 orc priests
  Crazy Yiuf (D:5)
  4 gnoll boudas
  A sleepcap (D:7)
  2 iguanas
  29 orc wizards
  2 small abominations (Abyss:4)
  Robin (D:2)
  19 gnolls
  3 adders
  4 white imps
  4 ufetubi
  2 worms
  2 dart slugs
  93 orcs
  11 endoplasms
  2 giant cockroaches (D:4)
  12 goblins
  10 hobgoblins
  2 jackals (D:2)
  2 quokkas (D:1)
  3 ball pythons
  11 bats
  8 frilled lizards
  10 kobolds
  2 rats
  6 briar patches
  A starspawn tentacle (Abyss:4)
1812 creatures vanquished.

Vanquished Creatures (others)
  2 fire giants (Depths:4)
  A manticore (D:12)
  A bloated husk (Swamp:2)
  A naga (Snake:2)
  An orc priest (Vaults:4)
  A white imp (D:14)
  An orc (Elf:1)
  13 demonic plants (Abyss:4)
  6 foxfires (Swamp:4)
  18 fungi
  49 plants
  A starspawn tentacle (Abyss:4)
95 creatures vanquished.

Grand Total: 1907 creatures vanquished

Notes
Turn   | Place    | Note
-------+----------+-------------------------------------------
     0 | D:1      | qeuew the Minotaur Fighter began the quest for the Orb.
     0 | D:1      | Reached XP level 1. HP: 19/19 MP: 0/0
     3 | D:1      | Noticed an electric eel
     4 | D:1      | Noticed an electric eel
    60 | D:1      | Found a faded altar of an unknown god.
   104 | D:1      | Prayed at the altar of an unknown god.
   104 | D:1      | Became a worshipper of Gozag Ym Sagoz the Greedy
   204 | D:1      | Reached XP level 2. HP: 27/27 MP: 1/1
   277 | D:1      | Reached skill level 4 in Armour
   416 | D:1      | Reached skill level 1 in Dodging
   777 | D:1      | Reached XP level 3. HP: 33/33 MP: 2/2
   848 | D:1      | Identified a scroll of acquirement
   848 | D:1      | Acquired a +5 demon trident of flaming
   921 | D:2      | Noticed Robin
   934 | D:2      | Killed Robin
   935 | D:2      | Reached skill level 1 in Polearms
  1060 | D:2      | Reached XP level 4. HP: 40/40 MP: 3/3
  2452 | D:4      | Reached XP level 5. HP: 47/47 MP: 4/4
  2514 | D:4      | Found a staircase to the Ecumenical Temple.
  2821 | D:4      | Found a snail-covered altar of Cheibriados.
  2986 | D:5      | Entered Level 5 of the Dungeon
  2986 | D:5      | Noticed a black bear
  2986 | D:5      | Found a shadowy altar of Dithmenos.
  2991 | D:5      | Killed a black bear
  2992 | D:5      | Reached skill level 5 in Armour
  3064 | D:5      | Noticed Edmund
  3066 | D:5      | Found a hazy altar of Hepliaklqana.
  3071 | D:5      | Reached XP level 6. HP: 53/53 MP: 5/5
  3114 | D:5      | Killed Edmund
  3202 | D:5      | Reached skill level 5 in Fighting
  3321 | D:5      | Noticed an ice beast
  3327 | D:5      | Killed an ice beast
  3328 | D:5      | Reached skill level 6 in Armour
  3328 | D:5      | Reached XP level 7. HP: 53/61 MP: 6/6
  3428 | D:5      | Found a runed translucent door.
  3429 | D:5      | Noticed Crazy Yiuf
  3464 | D:5      | Reached skill level 5 in Shields
  3481 | D:5      | Noticed Grinder
  3487 | D:5      | Killed Grinder
  3488 | D:5      | Reached skill level 5 in Polearms
  3706 | D:5      | Found a blossoming altar of Fedhas.
  4004 | D:5      | Killed Crazy Yiuf
  4105 | D:6      | Reached skill level 7 in Armour
  4105 | D:6      | Reached XP level 8. HP: 70/70 MP: 7/7
  4148 | D:6      | Found Gustrovvu's Distillery.
  4153 | D:6      | Bought a potion of curing for 39 gold pieces
  4153 | D:6      | Bought a potion of resistance for 130 gold pieces
  4153 | D:6      | Bought a potion of heal wounds for 65 gold pieces
  4153 | D:6      | Bought a potion of mutation for 104 gold pieces
  4153 | D:6      | Bought a potion of heal wounds for 65 gold pieces
  4153 | D:6      | Gained mutation: You have large cloven feet. [potion of
                  | mutation]
  4153 | D:6      | Gained mutation: You possess an exceptional clarity of
                  | mind. [potion of mutation]
  4153 | D:6      | Gained mutation: You are vulnerable to cold. (rC-) [potion
                  | of mutation]
  4153 | D:6      | Gained mutation: You are robust. (+10% HP) [potion of
                  | mutation]
  4609 | D:6      | Found an opulent altar of Gozag.
  4726 | D:7      | Found Madas's Evil Emporium.
  4739 | D:7      | Reached skill level 8 in Armour
  4945 | D:7      | Found Ularyocwum's Assorted Antiques.
  4957 | D:7      | Reached XP level 9. HP: 85/85 MP: 8/8
  5211 | D:7      | Noticed Pikel
  5222 | D:7      | Killed Pikel
  5223 | D:7      | Reached skill level 9 in Armour
  5223 | D:7      | Reached skill level 5 in Dodging
  5277 | D:7      | Found a flagged portal.
  5284 | Bailey   | Entered a bailey
  5332 | Bailey   | Noticed an orc knight
  5760 | D:7      | Noticed Maggie
  5767 | D:7      | Killed Maggie
  6022 | D:8      | Noticed Prince Ribbit
  6027 | D:8      | Killed Prince Ribbit
  6028 | D:8      | Reached skill level 1 in Evocations
  6032 | D:8      | Reached XP level 10. HP: 90/94 MP: 9/9
  6211 | D:8      | Reached skill level 10 in Armour
  6538 | D:8      | Found an ancient bone altar of Kikubaaqudgha.
  6761 | D:8      | Found a staircase to the Lair.
  6816 | D:8      | Acquired the +0 hat of the Butcher {Rampage SInv}
  6847 | Lair:1   | Entered Level 1 of the Lair of Beasts
  6857 | Lair:1   | Noticed a cane toad
  6862 | Lair:1   | Killed a cane toad
  6863 | Lair:1   | Reached skill level 10 in Polearms
  7018 | Lair:1   | Got the Atlas of the Twelve Moons
  7061 | Lair:1   | Reached skill level 11 in Armour
  7244 | Lair:1   | Noticed a cane toad
  7248 | Lair:1   | Killed a cane toad
  7249 | Lair:1   | Reached XP level 11. HP: 104/104 MP: 10/10
  7263 | Lair:1   | Noticed a death yak
  7272 | Lair:1   | Killed a death yak
  7340 | Lair:1   | Noticed a death yak
  7340 | Lair:1   | Noticed a death yak
  7340 | Lair:1   | Noticed a death yak
  7340 | Lair:1   | Noticed a death yak
  7340 | Lair:1   | Noticed a death yak
  7357 | Lair:1   | Killed a death yak
  7363 | Lair:1   | Killed a death yak
  7374 | Lair:1   | Killed a death yak
  7377 | Lair:1   | Killed a death yak
  7383 | Lair:1   | Killed a death yak
  7384 | Lair:1   | Reached skill level 12 in Armour
  7954 | Lair:1   | Acquired a manual of Fighting
  7982 | Lair:2   | Noticed a catoblepas
  7996 | Lair:2   | Killed a catoblepas
  8288 | Lair:2   | Noticed Amaemon
  8295 | Lair:2   | Killed Amaemon
  8591 | Lair:2   | Noticed a skyshark
  8602 | Lair:2   | Killed a skyshark
  8851 | Lair:2   | Found a staircase to the Snake Pit.
  9190 | Lair:2   | Reached XP level 12. HP: 114/116 MP: 11/11
  9194 | Lair:2   | Reached skill level 10 in Fighting
  9913 | Lair:3   | Reached skill level 13 in Armour
  9952 | Lair:3   | Noticed a seven-headed hydra
  9968 | Lair:3   | Killed a seven-headed hydra
 10438 | Lair:3   | Noticed a six-headed hydra
 10445 | Lair:3   | Killed a six-headed hydra
 10726 | Lair:3   | Noticed a five-headed hydra
 10730 | Lair:3   | Killed a five-headed hydra
 10886 | Lair:3   | Reached skill level 5 in Evocations
 10967 | Lair:3   | Reached skill level 10 in Shields
 11004 | Lair:3   | Found a staircase to the Swamp.
 11427 | Lair:4   | Noticed a death yak
 11428 | Lair:4   | Noticed a death yak
 11430 | Lair:4   | Noticed a death yak
 11432 | Lair:4   | Killed a death yak
 11432 | Lair:4   | Noticed a death yak
 11433 | Lair:4   | Noticed a death yak
 11437 | Lair:4   | Killed a death yak
 11441 | Lair:4   | Killed a death yak
 11451 | Lair:3   | Killed a death yak
 11452 | Lair:3   | Reached skill level 14 in Armour
 11613 | Lair:3   | Killed a death yak
 11785 | Lair:4   | Reached XP level 13. HP: 73/128 MP: 12/12
 11997 | Lair:4   | Found a staircase to the Slime Pits.
 11998 | Lair:4   | Found a viscous altar of Jiyva.
 12236 | Lair:4   | Noticed Urug
 12243 | Lair:4   | Killed Urug
 12867 | Lair:5   | Entered Level 5 of the Lair of Beasts
 12892 | Lair:5   | Identified the +2 hand axe of Duty {heavy, rPois Dex+5}
 13942 | Lair:5   | Reached skill level 15 in Armour
 13992 | Lair:5   | Identified the staff of death "Jeat" {rN+ Dex+4}
 14911 | D:9      | Found a hide-covered altar of Uskayaw.
 15252 | D:10     | Entered Level 10 of the Dungeon
 15393 | D:10     | Noticed Lodul
 15418 | D:10     | Killed Lodul
 15862 | D:10     | Found a staircase to the Orcish Mines.
 16097 | Orc:1    | Entered Level 1 of the Orcish Mines
 16153 | Orc:1    | Found Tapezak's Firing Range.
 16281 | Orc:2    | Entered Level 2 of the Orcish Mines
 16281 | Orc:2    | Found a staircase to the Elven Halls.
 16309 | Orc:2    | Noticed Erolcha
 16315 | Orc:2    | Killed Erolcha
 16316 | Orc:2    | Reached skill level 15 in Polearms
 16316 | Orc:2    | Reached XP level 14. HP: 141/141 MP: 13/13
 16322 | Orc:2    | Found Xuyq's Distillery.
 17183 | Orc:2    | Noticed an orc warlord
 17675 | Orc:2    | Reached skill level 10 in Dodging
 18069 | Orc:2    | Killed an orc warlord
 18070 | Orc:2    | Reached skill level 16 in Armour
 18494 | Orc:2    | Found Wag Gych's General Store.
 18495 | Orc:2    | Found Tolos's Jewellery Shop.
 18497 | Orc:2    | Found Jemum's Antique Armour Boutique.
 18497 | Orc:2    | Found Fickigeu's Antique Weapon Boutique.
 18502 | Orc:2    | Bought a jade-encrusted scale mail for 216 gold pieces
 18502 | Orc:2    | Identified the +3 scale mail of Unreason {rC++ Will+ Str-4
                  | Dex+2} (You bought it in a shop on level 2 of the Orcish
                  | Mines)
 18514 | Orc:2    | Bought a ring of poison resistance for 320 gold pieces
 18940 | Snake:1  | Entered Level 1 of the Snake Pit
 19065 | Snake:1  | Noticed Kirke
 19084 | Snake:1  | Killed Kirke
 19823 | Snake:1  | Found Oracoy's Book Boutique.
 19922 | Snake:1  | Found a sparkling altar of Nemelex Xobeh.
 20637 | Snake:2  | Reached XP level 15. HP: 87/152 MP: 14/14
 21114 | Snake:2  | Reached skill level 15 in Fighting
 21231 | Snake:2  | Noticed a nagaraja
 21238 | Snake:2  | Killed a nagaraja
 22018 | Snake:3  | Reached skill level 17 in Armour
 22023 | Snake:3  | Found Hurr's Jewellery Shoppe.
 22028 | Snake:3  | Found Nerr's Antique Armour Emporium.
 22028 | Snake:3  | Found Meex's Weapon Shoppe.
 22100 | Snake:3  | Bought the ring "Tekhlum" {rC- Will+ Dex+6 Slay+3} for 652
                  | gold pieces
 22100 | Snake:3  | Found Fedghia's Antique Weapon Emporium.
 22826 | Snake:3  | Identified the +5 whip of Bawnoog {freeze, rElec Dex+4}
 23734 | Snake:3  | Bought a pair of crude gloves for 294 gold pieces
 23734 | Snake:3  | Identified the +5 pair of gloves "Tauhoash" {Str+3} (You
                  | bought it in a shop on level 3 of the Snake Pit)
 23739 | Snake:3  | Bought a runed cloak for 232 gold pieces
 23744 | Snake:3  | Bought a glowing cloak for 232 gold pieces
 23758 | Snake:3  | Lost mutation: You are vulnerable to cold. (rC-) [potion of
                  | mutation]
 23758 | Snake:3  | Lost mutation: You possess an exceptional clarity of mind.
                  | [potion of mutation]
 23758 | Snake:3  | Gained mutation: Your muscles are strong. (Str +4, Int/Dex
                  | -1) [potion of mutation]
 23758 | Snake:3  | Gained mutation: You are agile. (Dex +4, Str/Int -1)
                  | [potion of mutation]
 23773 | Snake:4  | Entered Level 4 of the Snake Pit
 24088 | Snake:4  | Noticed a nagaraja
 24102 | Snake:4  | Killed a nagaraja
 24111 | Snake:4  | Noticed a nagaraja
 24135 | Snake:4  | Killed a nagaraja
 24136 | Snake:4  | Reached skill level 18 in Armour
 24139 | Snake:4  | Reached XP level 16. HP: 63/166 MP: 15/15
 24480 | Snake:4  | Got a serpentine rune of Zot
 25215 | Snake:4  | Bought a scroll of acquirement for 2132 gold pieces
 25215 | Snake:4  | Acquired 583 gold pieces
 25372 | Swamp:1  | Entered Level 1 of the Swamp
 25395 | Swamp:1  | Found a runed translucent gate.
 25395 | Swamp:1  | Found a runed translucent gate.
 25395 | Swamp:1  | Found a runed translucent gate.
 26012 | Swamp:1  | Noticed Isysim's ghost (adept OgFi)
 26012 | Swamp:1  | Noticed Hily's ghost (journeyman FeSu)
 26032 | Swamp:1  | Killed Isysim's ghost
 26035 | Swamp:1  | Killed Hily's ghost
 26259 | Swamp:1  | Reached skill level 19 in Armour
 26954 | Swamp:3  | Reached XP level 17. HP: 89/178 MP: 16/16
 27205 | Swamp:3  | Identified the +1 shortbow of Okawaru's Esteem {drain, rF+
                  | rC- Str+3}
 27428 | Swamp:3  | Noticed a tentacled monstrosity
 27443 | Swamp:3  | Killed a tentacled monstrosity
 27604 | Swamp:3  | Noticed a tentacled monstrosity
 27606 | Swamp:3  | Noticed a tentacled monstrosity
 27618 | Swamp:3  | Killed a tentacled monstrosity
 27624 | Swamp:3  | Killed a tentacled monstrosity
 28025 | Swamp:4  | Entered Level 4 of the Swamp
 28552 | Swamp:4  | Paralysed by a vampire knight for 4 turns
 29181 | Swamp:4  | Reached skill level 20 in Armour
 29185 | Swamp:4  | Reached skill level 10 in Evocations
 29319 | Swamp:4  | Found a blossoming altar of Fedhas.
 29338 | Swamp:4  | Found a basalt altar of Yredelemnul.
 29351 | Swamp:4  | Got a decaying rune of Zot
 29413 | Swamp:4  | Paralysed by a fenstrider witch for 5 turns
 29951 | Swamp:4  | Identified the +9 short sword of the Muttering Gods {flame,
                  | rPois Str+8 Int-3 Stlth+}
 30488 | D:11     | Got the Parchment of the Viridian Snowflakes
 30653 | D:11     | Found a frozen archway.
 30676 | D:11     | Found a runed translucent gate.
 30680 | D:11     | Found a runed translucent gate.
 30680 | D:11     | Found a runed translucent gate.
 30686 | D:11     | Found an opulent altar of Gozag.
 31080 | D:11     | Noticed superbruh's ghost (journeyman TrCA)
 31091 | D:11     | Killed superbruh's ghost
 31271 | D:12     | Reached XP level 18. HP: 157/189 MP: 17/17
 32783 | D:14     | Found a gate to the Vaults.
 32815 | D:14     | Reached skill level 15 in Shields
 32941 | D:14     | Found a radiant altar of Vehumet.
 33146 | D:14     | Found a bloodstained altar of Trog.
 33495 | D:14     | Bought the +9 ice dragon scales "Suda Capt" {Rampage rF-
                  | rC++ MP+9 Int+3 Slay+3} for 2640 gold pieces
 33534 | D:15     | Entered Level 15 of the Dungeon
 33679 | D:15     | Found a runed translucent gate.
 33680 | D:15     | Found a runed translucent gate.
 33682 | D:15     | Found a runed translucent gate.
 33749 | D:15     | Found a staircase to the Depths.
 33982 | D:15     | Noticed Jorgrun
 33986 | D:15     | Killed Jorgrun
 34307 | D:15     | Noticed Keluf's ghost (journeyman GrFi)
 34544 | D:15     | Killed Keluf's ghost
 34723 | Elf:1    | Entered Level 1 of the Elven Halls
 34808 | Elf:1    | Reached skill level 21 in Armour
 34999 | Elf:1    | Noticed a Brimstone Fiend
 35002 | Elf:1    | Noticed a Brimstone Fiend
 35330 | Elf:1    | Noticed a Hell Sentinel
 35354 | Elf:1    | Noticed an iron giant
 35358 | Elf:1    | an iron giant changed into a shadow dragon
 35412 | Elf:1    | Found a runed translucent gate.
 35412 | Elf:1    | Found a runed translucent gate.
 35412 | Elf:1    | Found a runed translucent gate.
 35412 | Elf:1    | Found a runed translucent gate.
 35412 | Elf:1    | Found a runed translucent gate.
 35428 | Elf:1    | Found a runed translucent gate.
 35512 | Elf:1    | Noticed Azrael
 35521 | Elf:1    | Killed Azrael
 36609 | Elf:2    | Found Doez's Antique Weapon Shop.
 36641 | Elf:2    | Reached XP level 19. HP: 177/199 MP: 18/18
 36828 | Elf:2    | Identified the +5 dagger "Zieff" {venom, rPois rF+ Will+
                  | Str-5}
 36936 | Elf:2    | Found a runed translucent gate.
 36937 | Elf:2    | Found a runed translucent gate.
 36937 | Elf:2    | Found a runed translucent gate.
 36948 | Elf:2    | Paralysed by an air elemental for 1 turns
 37673 | Elf:3    | Entered Level 3 of the Elven Halls
 37674 | Elf:3    | Paralysed by an air elemental for 1 turns
 37887 | Elf:3    | Found Rjis's Retail Resort.
 38071 | Elf:3    | Reached skill level 22 in Armour
 38086 | Elf:3    | Noticed a Tzitzimitl
 38374 | Abyss:4  | Cast into level 4 of the Abyss (deep elf blademaster)
 38616 | Elf:3    | Escaped the Abyss
 38758 | Elf:3    | Noticed a Brimstone Fiend
 38934 | Abyss:4  | Cast into level 4 of the Abyss (a deep elf sorcerer)
 39206 | Abyss:4  | Reached XP level 20. HP: 210/210 MP: 19/19
 39244 | Elf:3    | Escaped the Abyss
 39787 | Elf:3    | Identified the +4 falchion of Jemy {protect, rN+ Int+4
                  | Dex+4}
 39788 | Elf:3    | Identified the +4 ring mail of Vexation {rF++}
 39790 | Elf:3    | Identified the +4 short sword of the Madman {pain, +Blink
                  | rElec Str+3 Stlth+}
 39790 | Elf:3    | Identified the +2 leather armour "Yvoif" {Drain rN+++ Int-5
                  | SInv}
 39962 | Elf:3    | Got the Catalogue of Blows
 39965 | Elf:3    | Got the Essays on Venom
 39982 | Elf:3    | Got the Quarto of Freezing and Terra Firma
 40365 | Vaults:1 | Entered Level 1 of the Vaults
 41311 | Vaults:1 | Identified the +6 flail "Atoikeiq" {holy, Will+ Str+4}
 41372 | Vaults:1 | Reached skill level 15 in Dodging
 41536 | Vaults:1 | Bought a potion of heal wounds for 105 gold pieces
 41536 | Vaults:1 | Bought 2 potions of heal wounds for 210 gold pieces
 41785 | Vaults:2 | Reached skill level 23 in Armour
 42314 | Vaults:2 | Found a staircase to the Crypt.
 42592 | Vaults:2 | Noticed Mara
 42607 | Vaults:2 | Killed Mara
 43420 | Vaults:3 | Noticed Asterion
 43435 | Vaults:3 | Killed Asterion
 43774 | Vaults:3 | Reached XP level 21. HP: 221/221 MP: 20/20
 44019 | Vaults:3 | Paralysed by a great orb of eyes for 3 turns
 44902 | Vaults:4 | Found Xuwusseb's Antique Weapon Shop.
 45017 | Vaults:4 | Paralysed by a great orb of eyes for 3 turns
 45174 | Vaults:4 | Noticed Boris
 45181 | Vaults:4 | Killed Boris
 45497 | Vaults:4 | Identified the scarf of Mujexzur {repulsion, Str+3}
 45622 | Vaults:4 | Noticed Saint Roka
 45638 | Vaults:4 | Killed Saint Roka
 45695 | Vaults:4 | Bought a pair of slimy gloves for 361 gold pieces
 45695 | Vaults:4 | Identified the +1 pair of gloves "Osezoed" {+Blink rPois
                  | rF+} (You bought it in a shop on level 4 of the Vaults)
 45695 | Vaults:4 | Bought a jewelled chain mail for 361 gold pieces
 45695 | Vaults:4 | Identified the +3 chain mail of Boredom {rPois rF+ Str+5
                  | Slay-3} (You bought it in a shop on level 4 of the Vaults)
 45756 | Vaults:5 | Entered Level 5 of the Vaults
 45879 | Vaults:4 | Reached skill level 24 in Armour
 47669 | Vaults:5 | HP: 6/222 [tengu reaver/bolt of lightning[Sojobo] (14)]
 48061 | Vaults:5 | Noticed Sojobo
 48191 | Vaults:5 | Paralysed by an air elemental for 1 turns
 48257 | Vaults:5 | Noticed Boris
 48260 | Vaults:5 | Paralysed by an air elemental for 1 turns
 48506 | Vaults:5 | Noticed a golden dragon
 48511 | Vaults:5 | Found Ocofam's Magic Scroll Shop.
 48515 | Vaults:5 | Killed a golden dragon
 48528 | Vaults:5 | Noticed Jory
 48537 | Vaults:5 | Killed Jory
 48538 | Vaults:5 | Reached XP level 22. HP: 133/232 MP: 21/21
 48887 | Vaults:5 | Got a silver rune of Zot
 48893 | Vaults:5 | Identified the +2 mace of Fuorai {venom, rElec rPois Dex+3}
 48922 | Vaults:5 | Identified the ring of Pamuck {rN+ Str+6}
 49209 | Vaults:5 | Bought a scroll of fear for 76 gold pieces
 49276 | Vaults:5 | Found Suowaihu's Distillery.
 49409 | Vaults:5 | Identified the staff of death "Oqeytago" {rF+ rN+ Int+2}
 49422 | Vaults:5 | Got Ukhlatuapn's Discursus on Topology and Frost
 49470 | Vaults:5 | Killed Boris
 49793 | Vaults:5 | Found Ypnash's Distillery.
 49823 | Vaults:5 | Found Kezin's Magic Scroll Shoppe.
 49828 | Vaults:5 | Bought a scroll of teleportation for 36 gold pieces
 49828 | Vaults:5 | Bought a scroll of blinking for 90 gold pieces
 49828 | Vaults:5 | Bought a scroll of teleportation for 36 gold pieces
 49828 | Vaults:5 | Bought a scroll of teleportation for 36 gold pieces
 49828 | Vaults:5 | Bought a scroll of teleportation for 36 gold pieces
 50285 | Depths:1 | Entered Level 1 of the Depths
 50421 | Depths:1 | Reached skill level 25 in Armour
 51179 | Depths:1 | Found a gateway to Hell.
 51185 | Depths:1 | Acquired the amulet "Atypnegocs" {Regen+ Dex+3}
 52211 | Depths:2 | Identified the +6 dagger "Afoth" {pain, *Rage rElec
                  | Will+++}
 52230 | Depths:2 | Reached XP level 23. HP: 179/242 MP: 22/22
 52730 | Depths:2 | Found a one-way gate leading to the halls of Pandemonium.
 52775 | Depths:2 | Found a transporter.
 52776 | Depths:2 | Noticed Ahpoh's ghost (adept VSFi)
 52793 | Depths:2 | Found a transporter.
 52801 | Depths:2 | Noticed a caustic shrike
 53384 | Depths:3 | Found Zipn's Book Emporium.
 53428 | Depths:3 | Bought a manual of Armour for 1280 gold pieces
 53609 | Depths:3 | Noticed an ancient lich
 53615 | Depths:3 | Noticed a caustic shrike
 53627 | Depths:3 | Killed an ancient lich
 53631 | Depths:3 | Killed a caustic shrike
 53632 | Depths:3 | Reached skill level 26 in Armour
 54423 | Depths:3 | Found the +2 pair of slick slippers {slick, slippery, EV+4}
 54521 | Depths:4 | Entered Level 4 of the Depths
 54645 | Depths:4 | Found a one-way gateway to a ziggurat.
 55072 | Depths:4 | Reached skill level 27 in Armour
 55351 | Depths:4 | Found a gate to the Realm of Zot.
 55362 | Depths:4 | Reached XP level 24. HP: 64/254 MP: 22/22
 55383 | Depths:4 | HP: 9/381 [poison (poison gas)]
 55384 | Depths:4 | Succumbed to poison (poison gas)

Illustrated notes

Levels and vault maps discovered:
D:1:      arrival_aquarium_b, layout_loops_corners,
          ebering_ecumenical_altar_petrified, st_stairs_12,
          minmay_misc_feat_roman
D:2:      layout_loops_corners, uniq_robin
D:3:      layout_loops_ring, dk_noncrumbling_3
D:4:      layout_gridville, cheibrodos_worm_habitat,
          minmay_temple_entry_glassed_door, kennysheep_generic_room_6
D:5:      layout_loops_ring, amcnicky_altar_gilded, fedhas_altar_4,
          grunt_dithmenos_smoke, uniq_edmund, uniq_grinder,
          uniq_crazy_yiuf_cottage
D:6:      layout_loops_ring, lemuel_round_altar, serial_shops,
          nicolae_shop_just_a_little_nook
D:7:      layout_rooms, serial_shops, shop, enter_bailey_3, nicolae_evil_shop,
          uniq_pikel, uniq_maggie
D:8:      cheibrodos_iron_armory, layout_rooms, kiku_gazebo_pond_becter,
          erik_lair_dragon, uniq_prince_ribbit1
D:9:      layout_long_grid, nicolae_uskayaw_dance_hall
D:10:     layout_basic, orc_0_dummy, hangedman_ranch, uniq_lodul
D:11:     layout_irregular_city, ebering_ghost_gozag, portal_ice_cave_rime
D:12:     nzn_motion_control, layout_irregular_city
D:13:     layout_basic, minmay_misc_feat_x
D:14:     layout_roguey, erik_vaults_2, serial_ice, serial_ice_m, serial_ice_h,
          serial_ice_k, serial_ice_e, serial_ice_n, serial_ice_b, bloody_trog,
          st_stairs_9, vehumet_crystals
D:15:     hangedman_depths_entry_civil_slaughter, layout_rooms,
          gammafunk_ghost_necromancy, serial_co_window_serial,
          co_window_paths_b, co_window_paths_a, co_window_corner_a,
          co_window_of_opportunity_a, co_window_paths_a, co_window_paths_a,
          co_window_of_opportunity_a, co_window_paths_a, co_window_paths_a,
          co_window_broadway_c, co_window_2corner, co_window_broadway_c,
          co_window_paths_c, co_window_2corner, uniq_jorgrun
Lair:1:   layout_roguey, lemuel_fruit_fields
Lair:2:   statuecave_lemuel, layout_regular_city, guppyfry_snake_entry_island,
          uniq_amaemon
Lair:3:   layout_cellular_growth, nicolae_swamp_entry_splash_gauntlet
Lair:4:   layout_cave_pods, nicolae_slime_entry_slimehenge, grunt_megastairs_4,
          infiniplex_staircase_pool, uniq_urug
Lair:5:   grunt_lair_end_beastmaster, layout_layer_cave, serial_bayou_lagoon_a
Swamp:1:  layout_falls_marsh, gammafunk_ghost_cemetery,
          evilmike_swamp_ruin_house_6, swamp_pool3,
          nicolae_swamp_necromancer_hut
Swamp:2:  layout_basic_swamp, evilmike_swamp_ruin_house_4, swamp_pool3
Swamp:3:  nzn_winding_woodlands_small [nzn_winding_woodlands_5x15_default,
          nzn_winding_woodlands_center_triple_pond,
          nzn_winding_woodlands_5x15_twine], layout_basic_swamp,
          evilmike_swamp_ruin_house_2, swamp_pool2
Swamp:4:  byrel_swamp_growth_death_and_undeath, layout_basic_swamp, swamp_pool1,
          nicolae_swamp_snake_nest
Snake:1:  layout_misc_corridors, basic_altar, serial_shops,
          nicolae_take_the_stairs, uniq_kirke
Snake:2:  layout_chambers, nicolae_integral_box
Snake:3:  layout_misc_corridors, minmay_shoptagon
Snake:4:  grunt_snake_rune_pools, layout_cave_town
Orc:1:    layout_caves, abandoned_shop, nicolae_shop_firing_range
Orc:2:    st_orc_congregation, layout_diamond_mine, serial_shops, shop_coins,
          uniq_erolcha
Elf:1:    layout_loops_corners, orc_legates, st_stairs_2, minmay_fountain_box,
          kb_rosetta, uniq_azrael
Elf:2:    nicolae_elf_blades_crystal_corner, layout_loops_corners, serial_shops,
          nicolae_square_shop, wad_dig_loot
Elf:3:    minmay_elf_hall_not_hex, layout_rooms, nicolae_alphabet_shops
Vaults:1: nicolae_vaults_house_3, st_lattice, nicolae_vaults_spaceships,
          nicolae_vaults_steering_wheel, ontoclasm_vaults_tryst,
          ontoclasm_vaults_ring_small, vaults_dpeg_spiral,
          vaults_room_ringed_pool, v_misc_12, nicolae_vaults_closet_pinwheel_4,
          layout_vaults_maze_bifur
Vaults:2: nicolae_vaults_hexular_roomagon, vaults_mumra_lcd, v_misc_10,
          v_misc_1, vaults_room_pool, nicolae_vaults_cochlea,
          ontoclasm_vaults_eye, nicolae_vaults_little_squares_3,
          v_alt_pattern_1, layout_vaults_quadrants, uniq_mara
Vaults:3: nicolae_vaults_stepped_doors, nicolae_vaults_shrinking_rooms_2,
          nicolae_vaults_sightless_eye, v_misc_12, nicolae_vaults_circle_grid_a,
          vaults_standard_mumra_enter_the_diamond, v_misc_5,
          nicolae_vaults_diamond_2, nicolae_vaults_trapezoid_lopsided_4,
          nicolae_vaults_tetromino_L_1, nicolae_vaults_two_Ls, vaults_room_pool,
          vaults_room_semicircle, layout_vaults_chaotic_city, uniq_asterion
Vaults:4: nicolae_vaults_heart-shaped_vault, grunt_vaults_bifocal,
          nicolae_vaults_closet_pinwheel_2, v_misc_22, vaults_mumra_hexcomb,
          v_misc_14, nicolae_vaults_trapezoid_lopsided_2, v_misc_25, v_misc_26,
          grunt_vaults_twisty, ontoclasm_vaults_decontamination,
          layout_vaults_ring, serial_shops, shop, uniq_boris, uniq_saint_roka
Vaults:5: serial_shops, uniq_jory, uniq_sojobo
Depths:1: layout_cave_pools, grunt_decor_fettered, hellmouth_3, drop_trap,
          fake_guardian_serpent_vault
Depths:2: hangedman_cross_cluster, layout_small_grid, pf_hell_entry_tar_river,
          rand_demon_pan_entry_5, gammafunk_ghost_berserking_beasts,
          minmay_misc_feat_square
Depths:3: nicolae_fronds_of_death, layout_basic, hellmouth_1, serial_shops,
          shop, marbit_kobold_abyss_entry, serial_sigils,
          serial_sigils_hangedman_scar, serial_sigils_hangedman_carve,
          serial_sigils_hangedman_writhe, serial_sigils_hangedman_scratch
Depths:4: grunt_crosshair, layout_honeycomb, enter_ziggurat_f,
          skrybe_limestone_x, grunt_hell_entry_dis_mu

Skill      XL: |  1  2  3  4  5  6  7  8  9 10 11 12 13 14 15 16 17 18 19 20 21 22 23 |
---------------+----------------------------------------------------------------------+-----
Armour         | 4 5 6 7 8 9 11 12 14 15 16 18 19 20 21 22 23 24 25 27 | 27.0
Dodging        | 1 2 3 4 5 6 7 8 9 10 11 12 13 14 15 16 17 | 17.7
Fighting       | 4 5 6 7 8 9 11 13 14 16 17 18 19 20 21 | 21.9
Polearms       | 1 2 3 4 5 7 8 10 12 13 15 16 17 18 20 21 22 23 24 25 26 | 26.3
Shields        | 4 5 6 7 8 9 10 11 12 13 14 15 16 17 18 19 | 19.5
Evocations     | 1 3 4 5 6 7 8 9 10 11 12 13 14 | 14.4
Axes           | |  2.8

Action                     |  1- 3 |  4- 6 |  7- 9 | 10-12 | 13-15 | 16-18 | 19-21 | 22-24 || total
---------------------------+-------+-------+-------+-------+-------+-------+-------+-------++-------
  Melee: War axe           |    38 |       |       |       |       |       |       |       ||    38
         Headbutt          |     6 |     4 |    18 |    73 |   157 |   223 |   274 |   220 ||   975
         Demon trident     |    31 |    64 |   192 |   324 |   993 |  1129 |  1150 |   878 ||  4761
         Kick              |       |       |    23 |   101 |   246 |   356 |   460 |   300 ||  1486
 Invoke: Potion Petition   |       |       |       |     3 |     2 |     2 |     2 |     3 ||    12
         Call Merchant     |       |       |       |       |     1 |     2 |     2 |       ||     5
  Evoke: Wand              |       |       |       |       |       |     1 |     2 |    16 ||    19
         Lightning rod     |       |       |       |       |       |     3 |       |       ||     3
    Use: Scroll            |     3 |     8 |     3 |     5 |     9 |    10 |     6 |     4 ||    48
         Potion            |     2 |     4 |     6 |     5 |     1 |       |     1 |     1 ||    20
   Stab: Distracted        |       |     1 |     2 |     4 |     6 |    13 |    15 |     8 ||    49
         Confused          |       |       |       |     1 |       |       |       |       ||     1
         Petrifying        |       |       |       |       |     1 |       |       |       ||     1
 Armour: Scale mail        |    22 |    10 |    28 |    66 |    99 |     8 |       |       ||   233
         Chain mail        |       |       |       |       |       |   209 |       |       ||   209
         Ice dragon scales |       |       |       |       |       |    38 |   221 |    98 ||   357
  Dodge: Dodged            |    37 |    12 |    58 |   105 |   272 |   231 |   360 |   222 ||  1297
         Repelled          |       |       |       |       |       |       |     5 |    12 ||    17
  Block: Buckler           |     9 |     7 |    29 |    60 |   273 |       |       |       ||   378
         Reflection        |       |       |       |       |    37 |    80 |    89 |    10 ||   216
         Tower shield      |       |       |       |       |    86 |   890 |  1098 |   570 ||  2644

Table legend: (Time is in decaauts)
 A = Elapsed time spent in this place.
 B = Non-inter-level travel time spent in this place.
 C = Inter-level travel time spent in this place.
 D = Time resting spent in this place.
 E = Time spent auto-exploring this place.
 F = Levels seen in this place.
 G = Mean time per level.
                   A        B        C        D        E       F      G
               +--------+--------+--------+--------+--------+-----+--------+
         Total |  54456 |  52094 |   2362 |   3555 |  40582 |  45 | 1210.1 |
       Dungeon |  13290 |  12328 |    962 |    338 |  10336 |  15 |  886.0 |
          Lair |   8021 |   7521 |    500 |    571 |   6198 |   5 | 1604.2 |
         Swamp |   4723 |   4595 |    128 |      0 |   3758 |   4 | 1180.8 |
     Snake Pit |   6199 |   6067 |    132 |      0 |   5272 |   4 | 1549.8 |
  Orcish Mines |   2612 |   2506 |    106 |    630 |   1426 |   2 | 1306.0 |
   Elven Halls |   4885 |   4718 |    167 |    426 |   3553 |   3 | 1628.3 |
        Vaults |   9606 |   9329 |    277 |   1590 |   6306 |   5 | 1921.2 |
        Depths |   4530 |   4443 |     87 |      0 |   3412 |   4 | 1132.5 |
         Abyss |    510 |    510 |      0 |      0 |    293 |   2 |  255.0 |
        Bailey |     75 |     75 |      0 |      0 |     26 |   1 |   75.0 |
               +--------+--------+--------+--------+--------+-----+--------+

Top non-repeatable levels by time:
Vaults:4: 3671 daAuts
  Lair:3: 2286 daAuts
 Swamp:4: 2235 daAuts
 Snake:2: 2021 daAuts
  Lair:2: 1956 daAuts
Vaults:5: 1758 daAuts
   Elf:2: 1744 daAuts
 Snake:3: 1709 daAuts
   Elf:1: 1661 daAuts
   Orc:2: 1578 daAuts
Vaults:3: 1560 daAuts
   Elf:3: 1479 daAuts
  Lair:5: 1461 daAuts
Vaults:2: 1439 daAuts
 Snake:4: 1422 daAuts
